 Dungeon Crawl Stone Soup version 0.29-a0-1027-gcd8c55af63 (webtiles) character file.

Game seed: 14779299450339973628

53 Manisian the Sneak (level 3, 16/16 HPs)
             Began as a Spriggan Enchanter on Aug 12, 2022.
             Quit the game on level 2 of the Dungeon.
             The game lasted 00:03:42 (2360 turns).

Manisian the Sneak (Spriggan Enchanter)             Turns: 2360, Time: 00:03:43

Health: 16/16      AC:  2    Str:  4    XL:     3   Next: 64%
Magic:  8/8        EV: 17    Int: 16    God:
Gold:   74         SH:  0    Dex: 17    Spells: 6/8 levels left

rFire   . . .      SeeInvis +   e - +1 dagger (protect)
rCold   . . .      Faith    .   (no shield)
rNeg    . . .      Spirit   .   b - +0 robe
rPois   .          Reflect  .   (helmet restricted)
rElec   .          Harm     .   (no cloak)
rCorr   .          Rampage  .   (gloves unavailable)
Will    .....                   (boots unavailable)
Stlth   +++.......              (no amulet)
HPRegen 0.05/turn               (no ring)
MPRegen 0.11/turn               (no ring)

@: very quick
A: very small, no large weapons, unfitting armour, see invisible, speed 3
a: no special abilities


You were on level 2 of the Dungeon.
You visited 1 branch of the dungeon, and saw 2 of its levels.

You collected 74 gold pieces.

Inventory:

Hand Weapons
 a - a +1 dagger
 e - a +1 dagger of protection (weapon)
Armour
 b - a +0 robe (worn)
Potions
 c - a potion of invisibility
 d - a potion of experience {unknown}
 f - 2 potions of heal wounds {unknown}
 h - a potion of cancellation {unknown}


   Skills:
 + Level 1.4 Short Blades
 - Level 2.9 Dodging
 + Level 5.6 Stealth
 + Level 3.3 Spellcasting
 + Level 4.2 Hexes


You had 6 spell levels left.
You knew the following spells:

 Your Spells              Type           Power      Damage    Failure   Level
a - Ensorcelled Hibernat  Hex/Ice        18%        N/A       12%         2

Your spell library contained the following spells:

 Spells                   Type           Power      Damage    Failure   Level
 Confusing Touch          Hex            16%        N/A       10%         3
 Tukima's Dance           Hex            16%        N/A       10%         3
 Dazzling Flash           Conj/Hex       18%        N/A       22%         3


Dungeon Overview and Level Annotations

Branches:
Dungeon (2/15)

Altars:


Innate Abilities, Weirdness & Mutations

You are very small and have problems with some larger weapons.
You are too small for most types of armour.
You have supernaturally acute eyesight. (SInv)
You cover ground extremely quickly. (Speed+++)


Message History

A quokka is nearby!
Found a fizzy sapphire potion.
The helpless quokka fails to defend itself.
You impale the quokka!!
Your weapon exudes an aura of protection.
You kill the quokka!
h - a fizzy sapphire potion
Found a pair of gloves.
Found a stone staircase leading down.
There is a stone staircase leading down here.
A bat comes into view.
A bat is nearby!
A bat is nearby!
The bat hits you but does no damage.
You hit the bat.
Your weapon exudes an aura of protection.
The bat is severely wounded.
The bat misses you. The bat hits you. The bat closely misses you.
You hit the bat.
You kill the bat!
No target in view!
You see here a bat corpse.
A ball python comes into view.
A ball python is nearby!
A ball python is nearby!
The helpless ball python fails to defend itself.
You impale the ball python!!
Your weapon exudes an aura of protection.
You kill the ball python!
You see here a staff of fire.
Done exploring.
Done exploring.
No target in view!
No target in view!
As you read the scroll labelled FAMAOMPAIFU, it crumbles to dust.
You assume a fearsome visage.
Nothing appears to happen.
It was a scroll of fear.
Unknown command.
Are you sure you want to abandon this character and quit the game? (Confirm with "yes".)

# #...# #..##.# #.#..#. ## ##.##
#..##.# #...... .## #.#
#..##.###### ####.#. #|#
#>#####..#.......# #...
.####.#......#.......# ###.
###...#.###.##.......###### ###.
# #.###.# #...............# ##.#.
#.# #.# ####.......####.###.#.. #
#.# #.# #...@......##.##.###.
###.###.#####........)...#..## ##
..................####.##.##.###.
#######.####..##.## #.##.###)#..
# #.......รท..# #>##.####.#.
######..#### #.##...##### #..#
####.####...... #..#
#..........#### #..# #.##.#####.#


There were no monsters in sight!

Vanquished Creatures
  2 adders (D:2)
  A dart slug (D:2)
  7 endoplasms
  2 giant cockroaches (D:1)
  2 goblins (D:1)
  A hobgoblin (D:1)
  2 quokkas
  3 ball pythons (D:2)
  3 bats
  A frilled lizard (D:2)
  5 kobolds
  3 rats (D:1)
32 creatures vanquished.

Notes
Turn   | Place    | Note
-------+----------+-------------------------------------------
     0 | D:1      | Manisian the Spriggan Enchanter began the quest for the
                  | Orb.
     0 | D:1      | Reached XP level 1. HP: 9/9 MP: 5/5
   259 | D:1      | Found a faded altar of an unknown god.
   279 | D:1      | Reached XP level 2. HP: 2/13 MP: 6/6
   658 | D:1      | Learned a level 2 spell: Ensorcelled Hibernation
  1288 | D:1      | Reached skill level 5 in Stealth
  1663 | D:2      | Reached XP level 3. HP: 14/16 MP: 0/8
  2360 | D:2      | Quit the game

Illustrated notes

Levels and vault maps discovered:
D:1:      lordsloth_arrival_two_stooges, layout_basic,
          hellmonk_ecumenical_altar_run_dry
D:2:      layout_loops_ring

Skill      XL: |  1  2 |
---------------+-------+-----
Hexes          | 4 |  4.2
Spellcasting   | 3 |  3.3
Stealth        | 5 |  5.6
Short Blades   | |  1.4
Dodging        | |  2.9

Action                   || total
-------------------------++-------
Melee: Dagger            ||    70
       Punch             ||     1
 Cast: Ensorcelled Hiber ||    22
  Use: Potion            ||     1
       Scroll            ||     2
 Stab: Sleeping          ||    21
Armor: Robe              ||     4
Dodge: Dodged            ||    41

Table legend: (Time is in decaauts)
 A = Elapsed time spent in this place.
 B = Non-inter-level travel time spent in this place.
 C = Inter-level travel time spent in this place.
 D = Time resting spent in this place.
 E = Time spent auto-exploring this place.
 F = Levels seen in this place.
 G = Mean time per level.
                   A        B        C        D        E       F      G
               +--------+--------+--------+--------+--------+-----+--------+
         Total |   1950 |   1910 |     40 |    752 |    849 |   2 |  975.0 |
       Dungeon |   1950 |   1910 |     40 |    752 |    849 |   2 |  975.0 |
               +--------+--------+--------+--------+--------+-----+--------+

Top non-repeatable levels by time:
     D:1: 1403 daAuts
     D:2: 547 daAuts
